 Dungeon Crawl Stone Soup version 0.28.0 (webtiles) character file.

Game seed: 14729848714418611575

72 Anothat the Shield-Bearer (level 4, 0/37 HPs)
             Began as a Formicid Fighter on Feb 12, 2022.
             Succumbed to a scorpion's poison
             ... on level 4 of the Dungeon.
             The game lasted 00:01:48 (1987 turns).

Anothat the Shield-Bearer (Formicid Fighter)        Turns: 1987, Time: 00:01:49

Health: 0/37       AC:  7    Str: 23    XL:     4   Next: 48%
Magic:  4/4        EV:  9    Int:  7    God:
Gold:   21         SH:  4    Dex: 10    Spells: 3/3 levels left

rFire   . . .      SeeInvis +   a - +0 long sword
rCold   . . .      Faith    .   c - +0 buckler
rNeg    . . .      Spirit   .   b - +0 scale mail
rPois   .          Reflect  .   (helmet unavailable)
rElec   .          Harm     .   (no cloak)
rCorr   .          Rampage  .   (no gloves)
Will    .....                   (no boots)
Stlth   ..........              (no amulet)
HPRegen 0.12/turn               (no ring)
MPRegen 0.09/turn               (no ring)

@: mighty, brilliant, lethally poisoned (0 -> -5), flying
A: permanent stasis, dig shafts and tunnels, antennae 3, four strong arms
a: Dig, Shaft Self


You were on level 4 of the Dungeon.
You visited 1 branch of the dungeon, and saw 5 of its levels.

You collected 21 gold pieces.

Inventory:

Hand Weapons
 a - a +0 long sword (weapon)
Missiles
 n - 2 javelins
Armour
 b - a +0 scale mail (worn)
 c - a +0 buckler (worn)
Jewellery
 h - a ring of flight
 q - a ring of magical power
Scrolls
 e - a scroll of vulnerability {unknown}
 f - 2 scrolls of fog {unknown}
 g - a scroll of blinking {unknown}
 j - a scroll of teleportation {unknown}
 l - 3 scrolls of identify {unknown}
 m - a scroll of fear {unknown}
 r - a scroll of enchant weapon {unknown}
Potions
 d - a potion of might
 o - a potion of curing {unknown}
 p - a potion of invisibility {unknown}
 s - a potion of magic {unknown}


   Skills:
 + Level 3.9 Fighting
 + Level 2.8 Long Blades
 + Level 3.9 Armour
 + Level 4.3 Shields


You had 3 spell levels left.
You didn't know any spells.
Your spell library contained the following spells:

 Spells                   Type           Power      Damage    Failure   Level
 Beastly Appendage        Tmut           0%         N/A       80%         1
 Magic Dart               Conj           0%         1d3       80%         1
 Searing Ray              Conj           0%         2d4       91%         2
 Wereblood                Tmut           0%         N/A       91%         2
 Spider Form              Tmut/Pois      0%         N/A       99%         3
 Fulminant Prism          Conj/Hex       0%         3d6       100%        4


Dungeon Overview and Level Annotations

Branches:
Dungeon (5/15)
 Temple: D:4-7

Altars:


Innate Abilities, Weirdness & Mutations

You cannot be hasted, slowed, berserked, paralysed or teleported.
You can dig through walls and to a lower floor.
You have a pair of large antennae on your head. (SInv)
Your four strong arms can wield two-handed weapons with a shield.


Message History

The scorpion completely misses you.
The scorpion stings you but does no damage.
You climb upwards.
There is a stone staircase leading down here.
You aren't carrying any items that you can evoke.
You feel very mighty all of a sudden. The scorpion barely misses you.
You completely miss the scorpion. The scorpion stings you.
You closely miss the scorpion. The scorpion stings you. x2
You closely miss the scorpion. The scorpion stings you.
You are poisoned.
The scorpion poisons you!
You closely miss the scorpion.
You feel very sick. The scorpion barely misses you. The scorpion stings you.
You barely miss the scorpion.
You feel very sick.
The scorpion stings you but does no damage.
The scorpion stings you.
* * * LOW HITPOINT WARNING * * *
You are lethally poisoned!
The scorpion poisons you!
You barely miss the scorpion.
* * * LOW HITPOINT WARNING * * *
You feel very sick. The scorpion closely misses you.
You slash the scorpion!
The scorpion is almost dead.
* * * LOW HITPOINT WARNING * * *
You feel very sick. The scorpion barely misses you.
The scorpion stings you but does no damage.
It was a potion of brilliance.
You feel clever all of a sudden.
* * * LOW HITPOINT WARNING * * *
You feel sick. The scorpion closely misses you.
It was a potion of flight.
You feel very buoyant.
You fly up into the air.
You die... ..####### ......s@# ...#.####

You could see a scorpion.

Vanquished Creatures
  2 adders
  A worm (D:3)
  A dart slug (D:3)
  An orc (D:3)
  5 ball pythons
  6 bats
  An endoplasm (D:2)
  A giant cockroach (D:1)
  3 hobgoblins
  2 jackals (D:2)
  4 quokkas
  4 frilled lizards
  5 goblins
  5 kobolds
  7 rats
48 creatures vanquished.

Vanquished Creatures (others)
  17 plants (D:2)
17 creatures vanquished.

Grand Total: 65 creatures vanquished

Notes
Turn   | Place    | Note
-------+----------+-------------------------------------------
     0 | D:1      | Anothat the Formicid Fighter began the quest for the Orb.
     0 | D:1      | Reached XP level 1. HP: 18/18 MP: 1/1
    67 | D:1      | Reached XP level 2. HP: 17/24 MP: 2/2
   439 | D:1      | Reached skill level 4 in Shields
   617 | D:1      | Reached XP level 3. HP: 28/29 MP: 3/3
   786 | D:2      | Found a faded altar of an unknown god.
  1245 | D:2      | Reached XP level 4. HP: 37/37 MP: 4/4
  1900 | D:3      | You fall into a shaft and drop 2 floors!
  1900 | D:5      | Entered Level 5 of the Dungeon
  1938 | D:5      | Noticed a scorpion
  1986 | D:4      | HP: 1/37 [poisoned by a scorpion]
  1987 | D:4      | Succumbed to a scorpion's poison

Illustrated notes

Levels and vault maps discovered:
D:1:      dpeg_arrival_pond, layout_rooms, minmay_misc_feat_cross
D:2:      layout_rooms, serial_bayou, serial_bayou_lagoon_b,
          serial_bayou_lagoon_a, serial_bayou_ford_a, serial_bayou_shore_b,
          ebering_ecumenical_altar_petrified, grunt_ministairs_13
D:3:      layout_loops_ring
D:4:      layout_basic, yredelemnul_altar_generic
D:5:      layout_basic, nemelex_diamond_rough_becter, hangedman_feature_mirror,
          uniq_eustachio, uniq_pikel

Skill      XL: |  1  2 |
---------------+-------+-----
Shields        | 4 |  4.3
Fighting       | |  3.9
Long Blades    | |  2.8
Armour         | |  3.9

Action                   |  1- 3 |  4- 6 || total
-------------------------+-------+-------++-------
Melee: Long sword        |    85 |    33 ||   118
  Use: Potion            |       |     3 ||     3
Armor: Scale mail        |    50 |    10 ||    60
Dodge: Dodged            |    42 |    15 ||    57
Block: Buckler           |    26 |     7 ||    33
